 Dungeon Crawl Stone Soup version 0.31.0-32-g396128a36d (webtiles) character file.

Game seed: 9748259486944700505

15151 Silvore the Protected (level 11, 0/101 HPs)
             Began as a Minotaur Fighter on Mar 25, 2024.
             Was an Elder of the Shining One.
             Slain by a komodo dragon (21 damage)
             ... on level 12 of the Dungeon on Mar 26, 2024.
             The game lasted 00:16:13 (11117 turns).

Silvore the Protected (Minotaur Fighter)           Turns: 11117, Time: 00:16:13

Health: 0/101      AC: 20    Str: 24    XL:     11   Next: 98%
Magic:  10/10      EV:  9    Int:  5    God:    the Shining One [****..]
Gold:   628        SH:  6    Dex: 14    Spells: 10/10 levels left

rFire   . . .        s - +4 hammer
rCold   . . .        c - +0 buckler
rNeg    + + .        I - +0 plate armour
rPois   .            v - +2 hat
rElec   .            A - +0 cloak {rCorr}
rCorr   +            (no gloves)
SInv    .            (no boots)
Will    +....        (no amulet) Stlth
                     q - ring of willpower
HPRegen 0.36/turn    G - ring "Imounoze" {Dex+3 Slay+4}
MPRegen 0.12/turn

%: no passive effects
@: mighty, glowing, studying Armour
A: horns 2, retaliatory headbutt
a: Renounce Religion, Divine Shield, Cleansing Flame


You were on level 12 of the Dungeon.
You worshipped the Shining One.
The Shining One was greatly pleased with you.
You visited 1 branch of the dungeon, and saw 12 of its levels.

You collected 628 gold pieces.

Inventory:

Hand Weapons
 a - a +0 flail
 n - a +1 mace
 s - a +4 hammer (weapon)
 C - a +0 morningstar
Armour
 b - a +0 scale mail
 c - a +0 buckler (worn)
 e - a +0 chain mail
 m - a +0 cloak
 v - a +2 hat (worn)
 A - a +0 cloak of preservation (worn)
 I - a +0 plate armour (worn)
Jewellery
 q - a ring of willpower (left hand)
 u - a ring of protection from fire
 w - an amulet of faith
 x - a +4 ring of slaying
 y - a ring of poison resistance
 G - the ring "Imounoze" (right hand) {Dex+3 Slay+4}
   (You found it on level 9 of the Dungeon)

   [ring of slaying]

   Dex+3:     It affects your dexterity (+3).
   Slay+4:    It affects your accuracy & damage with ranged weapons and melee
   (+4).
Wands
 j - a wand of polymorph (18)
 l - a wand of iceblast (7)
 r - a wand of flame (19)
 z - a wand of digging (4)
Scrolls
 f - 6 scrolls of fog
 h - 9 scrolls of identify
 t - a scroll of teleportation
 B - a scroll of revelation
 E - 3 scrolls of vulnerability
Potions
 g - a potion of degeneration
 i - 2 potions of lignification
 k - 3 potions of resistance
 o - a potion of brilliance
 p - a potion of heal wounds
 D - 5 potions of ambrosia
 F - a potion of haste
 H - 4 potions of curing
 J - 2 potions of attraction


   Skills:
 + Level 10.7 Fighting
 + Level 13.8 Maces & Flails
 + Level 14.7 Armour
 + Level 5.0 Dodging
 + Level 1.9 Stealth
 + Level 10.0 Shields


You had 10 spell levels left.
You didn't know any spells.
Your spell library contained the following spells:

 Spells                   Type           Power      Damage    Failure   Level
 Apportation              Tloc           0%         N/A       99%         1
 Freeze                   Ice            0%         1d3       99%         1
 Necrotise                Necr           0%         1d4       99%         1
 Sting                    Conj/Alch      0%         1d3       99%         1
 Summon Small Mammal      Summ           0%         N/A       99%         1
 Ensorcelled Hibernation  Hex/Ice        0%         N/A       100%        2
 Mercury Vapours          Alch/Air       0%         N/A       100%        2
 Dazzling Flash           Conj/Hex       0%         N/A       100%        3
 Frozen Ramparts          Ice            0%         1d1       100%        3
 Hailstorm                Conj/Ice       0%         3d5       100%        3
 Passwall                 Erth           0%         N/A       100%        3
 Stone Arrow              Conj/Erth      0%         3d7       100%        3
 Swiftness                Air            0%         N/A       100%        3
 Tukima's Dance           Hex            0%         N/A       100%        3
 Volatile Blastmotes      Fire/Tloc      0%         2d10      100%        3
 Animate Armour           Summ/Erth      0%         N/A       100%        4
 Dimensional Bullseye     Hex/Tloc       0%         N/A       100%        4
 Fulminant Prism          Conj/Alch      0%         3d5       100%        4
 Iskenderun's Mystic Bla  Conj/Tloc      0%         2d3       100%        4
 Olgreb's Toxic Radiance  Alch           0%         N/A       100%        4
 Starburst                Conj/Fire      0%         6d3       100%        6
 Lehudib's Crystal Spear  Conj/Erth      0%         10d2      100%        8
 Maxwell's Capacitive Co  Air            0%         ∞         100%        8


Dungeon Overview and Level Annotations

Branches:
Dungeon (12/15)            Temple (0/1) D:7            Lair (0/5) D:11
    Orc (0/2) D:9

Altars:
Kikubaaqudgha
Trog
The Shining One

Shops:
D:8 (


Innate Abilities, Weirdness & Mutations

You have a pair of horns on your head.
You reflexively headbutt those who attack you in melee.


Message History

A vampire mosquito and a komodo dragon come into view.
The vampire mosquito buzzes angrily.
You hear a shout!
The meliai attacks as it pursues you! The meliai hits you but does no damage.
You block the meliai's attack. x2
The meliai stings you but does no damage.
The komodo dragon bites you!
Things that are here:
a +0 mace; an orc corpse You barely miss the meliai.
You headbutt the meliai!
The meliai is heavily wounded.
The meliai hits you but does no damage.
The meliai stings you but does no damage.
The meliai hits you but does no damage.
The meliai stings you but does no damage.
The komodo dragon bites you!!
* * * LOW HITPOINT WARNING * * *
A shadow comes into view.
The meliai barely misses you.
The meliai stings you but does no damage.
The meliai hits you but does no damage. The meliai barely misses you.
The komodo dragon attacks as it pursues you!
The komodo dragon bites you but does no damage.
The meliai misses you. The meliai barely misses you. The meliai hits you!
* * * LOW HITPOINT WARNING * * *
The meliai completely misses you. The meliai closely misses you.
You furiously retaliate!
You headbutt the meliai. The meliai barely misses you.
You thump the meliai!
You kill the meliai!
The Shining One accepts your kill.
The meliai's shape twists and changes as it dies.
Your Dodging skill increases to level 5!
The komodo dragon bites you but does no damage.
Things that are here:
a +0 scale mail; a shapeshifter corpse You sock the komodo dragon!
The komodo dragon is moderately wounded.
The komodo dragon bites you!!
You die...

### ... #.. #W#
#.#. .?:
#.#.#####.###
###.#...#.)...#
#...###.#V##
#.#...#y).V#
#.###.####l#
#...#....@.#
###.##.#####
#.......#
###.....##..
##........
#...######
#...+...<#
#...##...#
##.......#


You could see a komodo dragon and a vampire (invisible).

Vanquished Creatures
  Gastronok (D:10)
  An ettin (D:12)
  Erolcha (D:11)
  2 two-headed ogres
  2 cyclopes (D:11)
  Maurice (D:7)
  A meliai (shapeshifter) (D:12)
  A gargoyle (D:11)
  2 komodo dragons (D:11)
  Jeremiah (D:8)
  Psyche (D:9)
  A queen bee (D:9)
  A shadow (D:9)
  10 yaks
  A vampire (D:7)
  A wyvern (D:8)
  2 wraiths (D:11)
  Grum (D:8)
  A warg (D:9)
  3 vampire mosquitoes
  2 steam dragons (D:7)
  2 water moccasins
  2 acid dragons
  4 black bears
  5 wolves
  2 phantoms
  7 centaurs
  2 bullfrogs
  A kobold brigand (D:9)
  3 scorpions
  3 gnoll sergeants
  13 wights
  23 killer bees (D:9)
  7 howler monkeys
  A crimson imp (D:3)
  3 bombardier beetles
  A hound (D:5)
  3 jellies
  5 orc priests
  Crazy Yiuf (D:4)
  A gnoll bouda (D:6)
  4 sleepcaps
  Natasha (thrice) (D:3)
  9 orc wizards
  13 gnolls
  10 adders
  2 shadow imps
  A white imp (D:7)
  4 ufetubi
  4 dart slugs
  4 ribbon worms
  39 orcs
  9 endoplasms
  4 giant cockroaches
  10 goblins
  10 hobgoblins
  18 kobolds
  6 quokkas
  6 ball pythons
  5 bats
  6 frilled lizards
  2 hobgoblin zombies (D:3)
  A kobold skeleton (D:3)
  A kobold zombie (D:3)
  2 orc skeletons (D:3)
  2 orc zombies (D:3)
  4 rats
305 creatures vanquished.

Notes
Turn   | Place    | Note
-------+----------+-------------------------------------------
     0 | D:1      | Silvore the Minotaur Fighter began the quest for the Orb.
     0 | D:1      | Reached XP level 1. HP: 19/19 MP: 0/0
    60 | D:1      | Reached XP level 2. HP: 25/27 MP: 1/1
   138 | D:1      | Reached skill level 4 in Armour
   310 | D:1      | Reached XP level 3. HP: 33/33 MP: 2/2
   426 | D:1      | Found a faded altar of an unknown god.
   945 | D:2      | Reached XP level 4. HP: 40/40 MP: 3/3
  1409 | D:3      | Found a glowing golden altar of the Shining One.
  1452 | D:3      | Became a worshipper of the Shining One
  1484 | D:3      | Noticed Natasha
  1507 | D:3      | Reached XP level 5. HP: 42/47 MP: 4/4
  1520 | D:3      | Killed Natasha
  2249 | D:3      | Noticed Natasha
  2259 | D:3      | Killed Natasha
  2427 | D:3      | Noticed Natasha
  2434 | D:3      | Killed Natasha
  2435 | D:3      | Reached skill level 5 in Maces & Flails
  2458 | D:4      | Noticed a phantom
  2467 | D:4      | Killed a phantom
  2468 | D:4      | Reached skill level 5 in Armour
  2468 | D:4      | Reached XP level 6. HP: 40/53 MP: 5/5
  2529 | D:4      | Reached skill level 1 in Dodging
  2571 | D:4      | Reached * piety under the Shining One
  2655 | D:4      | Reached skill level 5 in Fighting
  2655 | D:4      | Reached XP level 7. HP: 52/61 MP: 6/6
  3229 | D:4      | Found a runed translucent door.
  3230 | D:4      | Noticed Crazy Yiuf
  3340 | D:4      | Reached skill level 6 in Armour
  3388 | D:4      | Reached skill level 5 in Shields
  3584 | D:4      | Killed Crazy Yiuf
  3703 | D:5      | Entered Level 5 of the Dungeon
  3816 | D:5      | Reached XP level 8. HP: 70/70 MP: 7/7
  4180 | D:5      | Found an ancient bone altar of Kikubaaqudgha.
  4180 | D:5      | Found a bloodstained altar of Trog.
  4433 | D:6      | Reached ** piety under the Shining One
  4815 | D:7      | HP: 2/71 [steam dragon/ball of steam (7)]
  5055 | D:8      | Found Tiar Jan's Antique Weapon Emporium.
  5070 | D:8      | Noticed Grum
  5079 | D:8      | Reached skill level 7 in Armour
  5093 | D:8      | Killed Grum
  5094 | D:8      | HP: 3/71 [wolf[Grum] (5)]
  5097 | D:8      | Reached XP level 9. HP: 4/78 MP: 8/8
  5748 | D:7      | Found a staircase to the Ecumenical Temple.
  5980 | D:7      | Reached skill level 8 in Armour
  6359 | D:7      | Reached skill level 1 in Stealth
  6442 | D:7      | Reached skill level 10 in Maces & Flails
  6442 | D:7      | Reached skill level 9 in Armour
  6467 | D:7      | Noticed Maurice
  6471 | D:7      | Maurice stole an amulet of faith
  6476 | D:7      | Maurice stole a +1 mace
  6479 | D:7      | Killed Maurice
  6688 | D:8      | Reached skill level 10 in Armour
  7182 | D:8      | Noticed Jeremiah
  7192 | D:8      | Reached XP level 10. HP: 64/86 MP: 9/9
  7195 | D:8      | Reached *** piety under the Shining One
  7201 | D:8      | Killed Jeremiah
  7217 | D:8      | Reached skill level 11 in Armour
  7665 | D:9      | Noticed Psyche
  7670 | D:9      | Killed Psyche
  8129 | D:9      | Found a staircase to the Orcish Mines.
  8252 | D:9      | Reached skill level 12 in Armour
  8550 | D:9      | Identified the +0 chain mail of Wonderful Creativity {rN+
                  | rCorr Stlth+}
  8727 | D:9      | Identified the ring "Imounoze" {Dex+3 Slay+4}
  8869 | D:10     | Entered Level 10 of the Dungeon
  8914 | D:10     | Noticed a two-headed ogre
  8921 | D:10     | Killed a two-headed ogre
  8922 | D:10     | Reached skill level 13 in Armour
  8922 | D:10     | Reached XP level 11. HP: 58/97 MP: 10/10
  9634 | D:10     | Noticed Gastronok
  9653 | D:10     | Killed Gastronok
  9815 | D:11     | Reached **** piety under the Shining One
  9879 | D:11     | Found a staircase to the Lair.
  9887 | D:11     | Reached skill level 10 in Fighting
  9899 | D:11     | HP: 3/99 [wraith (5)]
  9904 | D:11     | HP: 4/99 [wraith (1)]
 10216 | D:11     | Noticed a two-headed ogre
 10220 | D:11     | Killed a two-headed ogre
 10221 | D:11     | Reached skill level 14 in Armour
 10457 | D:11     | Noticed Erolcha
 10462 | D:11     | Killed Erolcha
 10473 | D:11     | Reached skill level 10 in Shields
 10665 | D:11     | Identified the +10 great mace of the Sky {protect, ^Drain
                  | rElec Str+5}
 11096 | D:12     | Noticed an ettin
 11106 | D:12     | Killed an ettin
 11116 | D:12     | Reached skill level 5 in Dodging
 11117 | D:12     | Slain by a komodo dragon

Illustrated notes

Levels and vault maps discovered:
D:1:      spicycebolla_green_bress_n_ham, layout_basic,
          chequers_ecumenical_altar_island
D:2:      layout_basic, lexackson_kobold_supper
D:3:      layout_loops_ring, nicolae_tso_besieged_by_evil,
          kennysheep_crisscross, uniq_natasha
D:4:      black_bear_nest_2, layout_loops_ring, uniq_crazy_yiuf_cottage
D:5:      layout_cave_pools, gammafunk_temple_overflow_elements
D:6:      layout_basic
D:7:      layout_gridville, minmay_temple_entry_waves, minmay_manual_monstrance,
          uniq_maurice
D:8:      layout_loops_corners, enter_bailey_4, serial_shops, shop,
          nicolae_titane, uniq_grum, uniq_jeremiah
D:9:      layout_roguey [special_room_bee], minmay_orc_entry_guard_dogs,
          serial_curves, eino_curves_04, eino_curves_02, uniq_psyche
D:10:     layout_rooms, lemuel_flamethrower_1, uniq_gastronok
D:11:     layout_roguey, grunt_lair_entry_orc_guard_hut, minivault_25_ag,
          uniq_erolcha
D:12:     layout_basic, enter_trove_5, nicolae_doodle_vault

Skill      XL: |  1  2  3  4  5  6  7  8  9 10 11 |
---------------+----------------------------------+-----
Armour         | 4 5 6 7 10 13 14 | 14.7
Fighting       | 4 5 6 7 9 10 | 10.7
Shields        | 4 5 6 7 9 10 | 10.0
Maces & Flails | 3 4 5 6 7 9 10 12 13 | 13.8
Dodging        | 1 2 3 4 5 |  5.0
Stealth        | 1 |  1.9

Action                     |  1- 3 |  4- 6 |  7- 9 | 10-12 || total
---------------------------+-------+-------+-------+-------++-------
  Melee: Flail             |    72 |       |       |       ||    72
         Headbutt          |     8 |    19 |    77 |    90 ||   194
         Mace              |    20 |   148 |   285 |   308 ||   761
         Unarmed           |       |     4 |       |       ||     4
    Use: Scroll            |       |    11 |     4 |     3 ||    18
         Potion            |       |       |       |     5 ||     5
 Armour: Scale mail        |    70 |    58 |       |       ||   128
         Chain mail        |       |    48 |   298 |   194 ||   540
         Skin              |       |     2 |       |       ||     2
         Plate armour      |       |       |       |    25 ||    25
  Dodge: Dodged            |    51 |    81 |   126 |   130 ||   388
  Block: Buckler           |    30 |    47 |    97 |    84 ||   258
